 Dungeon Crawl Stone Soup version 0.19.5 (webtiles) character file.

2100 Gomac the Thaumaturge (level 9, -5/47 HPs)
             Began as a Deep Elf Conjurer on Apr 24, 2017.
             Was a Believer of Sif Muna.
             Shot with an arrow by a centaur (7 damage)
             ... on level 7 of the Dungeon.
             The game lasted 00:30:44 (5570 turns).

Gomac the Thaumaturge (Deep Elf Conjurer)           Turns: 5570, Time: 00:30:44

Health: -5/47      AC:  2    Str:  5    XL:     9   Next: 7%
Magic:  11/24      EV: 16    Int: 28    God:    Sif Muna [**....]
Gold:   319        SH:  0    Dex: 17    Spells: 3 memorised, 20 levels left

rFire  . . .     SeeInvis .     t - +4 short sword (freeze)
rCold  + . .     Gourm    .     a - +0 robe
rNeg   . . .     Faith    .     (no shield)
rPois  .         Spirit   .     (helmet restricted)
rElec  .         Reflect  .     (no cloak)
rCorr  .         Harm     .     (no gloves)
MR     .....                    (no boots)
Stlth  +++.......               (no amulet)
                                y - +4 ring of intelligence
                                i - +2 ring of evasion

@: about to teleport
A: antennae 1, hooves 2, agile 1, blurry vision 1, cold resistance 1, screaming
1
a: Divine Energy, Renounce Religion


You were on level 7 of the Dungeon.
You worshipped Sif Muna.
Sif Muna was pleased with you.
You were completely stuffed.

You visited 2 branches of the dungeon, and saw 8 of its levels.

You collected 319 gold pieces.

Inventory:

Hand Weapons
 t - a +4 short sword of freezing (weapon)
 A - a +2 whip of flaming
Missiles
 s - 2 throwing nets (quivered)
Armour
 a - a +0 robe (worn)
Jewellery
 i - a +2 ring of evasion (left hand)
 l - an uncursed ring of ice
 q - an uncursed ring of ice
 u - an uncursed ring of protection from fire
 y - a +4 ring of intelligence (right hand)
Wands
 B - a wand of teleportation (2/9)
Scrolls
 d - 5 scrolls of identify
 e - a scroll of amnesia
 h - 3 scrolls of recharging
 k - 2 scrolls of remove curse
 m - 2 scrolls of fog
 p - 2 scrolls of teleportation {unknown}
 z - 2 scrolls of magic mapping
 C - a scroll of immolation {unknown}
Potions
 g - 2 potions of brilliance
 j - a potion of degeneration
 n - a potion of might
 r - a potion of cancellation
 v - a potion of curing
 w - a potion of experience
 x - a potion of lignification
Books
 b - a book of Conjurations

   Spells                             Type                      Level
   a - Magic Dart                     Conjuration                  1
   b - Searing Ray                    Conjuration                  2
   c - Dazzling Spray                 Conjuration/Hexes            3
   d - Fulminant Prism                Conjuration/Hexes            4
   e - Iskenderun's Mystic Blast      Conjuration                  4
   f - Iskenderun's Battlesphere      Conjuration/Charms           5
Comestibles
 f - 4 beef jerkies
 o - 12 fruits


   Skills:
 + Level 1.2 Fighting
 + Level 2.2 Short Blades
 + Level 4.2 Dodging
 + Level 4.9 Stealth
 + Level 9.8 Spellcasting
 + Level 9.6 Conjurations


You had 20 spell levels left.
You knew the following spells:

 Your Spells              Type           Power        Failure   Level  Hunger
a - Magic Dart            Conj           ####         1%          1    None
b - Searing Ray           Conj           ######       1%          2    None
c - Iskenderun's Mystic   Conj           ######..     1%          4    None


Dungeon Overview and Level Annotations

Branches:
Dungeon (7/15)             Temple (1/1) D:4

Altars:
Ashenzari
Cheibriados
Dithmenos
Elyvilon
Fedhas
Hepliaklqana
Kikubaaqudgha
Makhleb
Nemelex Xobeh
Okawaru
Qazlal
Ru
Sif Muna
Trog
Uskayaw
Vehumet
Xom
Yredelemnul
Zin
The Shining One

Annotations:
D:4 Sigmund


Innate Abilities, Weirdness & Mutations

You have a pair of small antennae on your head.
You have hoof-like feet.
You are agile. (Dex +2)
Scrolls take you a little longer to read.
Your flesh is cold resistant. (rC+)
You occasionally shout uncontrollably at your foes.


Message History

The orc warrior is heavily wounded.
The searing ray hits the orc.
You kill the orc!
Sif Muna accepts your kill.
You finish channeling your searing ray.
The orc warrior hits you with a flail!
A centaur comes into view.
Evoke which item? (* to show all) (? for menu, Esc to quit)
Zapping:
B - a wand of teleportation (will waste charges)
Press: ? - help, Shift-Dir - straight line, f - you You feel strangely unstable.
Evoking this partially-identified wand wasted a few charges.
The centaur shouts!
The centaur wields a shortbow.
The centaur shoots an arrow.
The arrow hits you!
* * * LOW HITPOINT WARNING * * *
The orc warrior closely misses you.
The centaur shoots an arrow.
The arrow hits you!
* * * LOW HITPOINT WARNING * * *
Okay, then.
The centaur shoots an arrow.
The arrow hits you!
You die...

#............)(#.......#.#.##
#...(......)..†#p...#.##.#.#.
#.........?.###)#....#........
#...........# #)#.............
............# #.#p.........^..
......####### #.#.............
...#. ########o#.##..........
..# ##............c.>.....##
#......@......p..####...
#........#..............
#........#..............
#........#...####.......
#<########............## ###
#...####...p.# ##### #...<.#
#######


You could see an orc warrior, a centaur and a neutral freed slave (wandering).

Vanquished Creatures
  Pikel (D:6)
  The ghost of Gomac the Conjurer, an amateur TeCj (D:4)
  Menkaure (D:7)
  An ice beast (D:7)
  A slave (D:6)
  A phantom (D:4)
  A sky beast (D:6)
  A centaur (D:5)
  4 bullfrogs
  A scorpion (D:5)
  A howler monkey (D:7)
  7 hounds
  A jelly (D:6)
  An orc priest (D:4)
  A centaur skeleton (D:6)
  An orc wizard (D:3)
  4 worker ants
  A howler monkey skeleton (D:6)
  11 adders
  3 gnolls (D:7)
  An ooze (D:2)
  A worm (D:3)
  2 dart slugs
  4 leopard geckos
  15 orcs
  7 bats
  4 giant cockroaches
  6 goblins
  7 hobgoblins
  2 jackals (D:5)
  A quokka (D:3)
  14 frilled lizards
  3 kobolds
  4 rats
  A butterfly (D:4)
116 creatures vanquished.

Vanquished Creatures (others)
  A slave (D:7)
  A sky beast (D:7)
2 creatures vanquished.

Grand Total: 118 creatures vanquished

Notes
Turn   | Place    | Note
-------+----------+-------------------------------------------
     0 | D:1      | Gomac the Deep Elf Conjurer began the quest for the Orb.
     0 | D:1      | Reached XP level 1. HP: 10/10 MP: 6/6
   172 | D:1      | Reached XP level 2. HP: 15/15 MP: 2/8
   808 | D:2      | Reached skill level 5 in Conjurations
  1072 | D:2      | Reached XP level 3. HP: 19/19 MP: 4/9
  1450 | D:2      | Found a glowing golden altar of the Shining One.
  1501 | D:3      | Reached XP level 4. HP: 22/24 MP: 4/11
  1914 | D:3      | Found a hide-covered altar of Uskayaw.
  2052 | D:3      | Reached XP level 5. HP: 28/28 MP: 9/13
  2214 | D:3      | Learned a level 1 spell: Magic Dart
  2217 | D:3      | Learned a level 2 spell: Searing Ray
  2237 | D:3      | Learned a level 4 spell: Iskenderun's Mystic Blast
  2332 | D:4      | Noticed Gomac's ghost (amateur TeCj)
  2340 | D:4      | Noticed a phantom
  2347 | D:4      | Killed Gomac's ghost
  2347 | D:4      | Reached skill level 5 in Spellcasting
  2347 | D:4      | Reached XP level 6. HP: 14/32 MP: 1/16
  2717 | D:4      | Found a staircase to the Ecumenical Temple.
  2723 | Temple   | Entered the Ecumenical Temple
  2790 | Temple   | Became a worshipper of Sif Muna the Loreminder
  2829 | D:4      | Gained mutation: You are agile. (Dex +2) [potion of mutation]
  2829 | D:4      | Gained mutation: You occasionally shout uncontrollably at your foes. [potion of mutation]
  2829 | D:4      | Gained mutation: Your mind is acute. (Int +2) [potion of mutation]
  2996 | D:4      | Reached XP level 7. HP: 31/36 MP: 10/18
  3053 | D:4      | Noticed Sigmund
  3058 | D:5      | Entered Level 5 of the Dungeon
  3364 | D:5      | Found a shattered altar of Ashenzari.
  3456 | D:5      | Found a sacrificial altar of Ru.
  3606 | D:5      | Found a shimmering altar of Xom.
  4001 | D:6      | Gained mutation: Scrolls take you a little longer to read. [mutagenic meat]
  4002 | D:6      | Gained mutation: You have a pair of small antennae on your head. [mutagenic meat]
  4004 | D:6      | Gained mutation: You have large cloven feet. [mutagenic meat]
  4004 | D:6      | Lost mutation: Your mind is acute. (Int +2) [potion of mutation]
  4004 | D:6      | Gained mutation: You have hoof-like feet. [potion of mutation]
  4004 | D:6      | Gained mutation: Your flesh is cold resistant. (rC+) [potion of mutation]
  4153 | D:6      | Reached skill level 1 in Short Blades
  4167 | D:6      | Reached XP level 8. HP: 40/41 MP: 8/21
  4256 | D:6      | Reached * piety under Sif Muna
  4828 | D:6      | Found a burning altar of Makhleb.
  4828 | D:6      | Found a glowing silver altar of Zin.
  4829 | D:6      | Noticed an angel
  4829 | D:6      | Noticed a balrug
  5017 | D:7      | Noticed Pikel
  5120 | D:6      | Killed Pikel
  5120 | D:6      | Reached skill level 1 in Fighting
  5431 | D:7      | Noticed Menkaure
  5442 | D:7      | Killed Menkaure
  5442 | D:7      | Reached XP level 9. HP: 43/47 MP: 13/24
  5516 | D:7      | Reached ** piety under Sif Muna
  5568 | D:7      | HP: 1/47 [centaur/arrow (12)]
  5570 | D:7      | Shot with an arrow by a centaur

Skill      XL: |  1  2  3  4  5  6  7  8 |
---------------+-------------------------+-----
Conjurations   | 5 6 7 8 9 |  9.6
Stealth        | 3 4 |  4.9
Spellcasting   | 4 5 6 7 9 |  9.8
Dodging        | 3 4 |  4.2
Short Blades   | 1 2 |  2.2
Fighting       | 1 |  1.2

Action                   |  1- 3 |  4- 6 |  7- 9 || total
-------------------------+-------+-------+-------++-------
Melee: Short sword       |       |     6 |    28 ||    34
       Kick              |       |       |     5 ||     5
 Cast: Magic Dart        |    63 |    86 |   153 ||   302
       Searing Ray       |       |     1 |     7 ||     8
Evoke: Wand              |       |       |     1 ||     1
  Use: Scroll            |       |    11 |     6 ||    17
       Potion            |       |     1 |     1 ||     2
 Stab: Sleeping          |       |     1 |       ||     1
  Eat: Bread ration      |     2 |       |     3 ||     5
       Chunk             |       |       |     4 ||     4
Armor: Robe              |       |     2 |     6 ||     8
Dodge: Dodged            |     3 |    20 |    81 ||   104
